 Dungeon Crawl Stone Soup version 0.28-a0-1152-g9c71ebef14 (webtiles) character file.

Game seed: 5496560467751799299

200 spaghetti the Covert (level 5, -4/51 HPs)
             Began as a Naga Delver on Dec 14, 2021.
             Slain by a water moccasin zombie (5 damage)
             ... on level 3 of the Dungeon.
             The game lasted 00:02:45 (1198 turns).

spaghetti the Covert (Naga Delver)                  Turns: 1198, Time: 00:02:46

Health: -4/51      AC:  3    Str: 18    XL:     5   Next: 78%
Magic:  5/5        EV: 10    Int: 12    God:
Gold:   61         SH:  0    Dex: 13    Spells: 4/4 levels left

rFire   . . .      SeeInvis +   a - +0 falchion {long}
rCold   . . .      Faith    .   (no shield)
rNeg    . . .      Spirit   .   d - +1 robe of the Trombone {Str+4}
rPois   +          Reflect  .   (no helmet)
rElec   .          Harm     .   (no cloak)
rCorr   .          Rampage  .   (no gloves)
Will    .....                   (no barding)
Stlth   ++++......              (no amulet)
HPRegen 0.17/turn               i - ring of wizardry
MPRegen 0.09/turn               (no ring)

@: very slow
A: AC +1, large, see invisible, deformed body, poison resistance, slowness 2,
spit poison 1, naga tail 1
a: Spit Poison


You were on level 3 of the Dungeon.
You visited 1 branch of the dungeon, and saw 4 of its levels.

You collected 61 gold pieces.


Innate Abilities, Weirdness & Mutations

Your serpentine skin is tough. (AC +1)
You have supernaturally acute eyesight. (SInv)
Armour fits poorly on your strangely shaped body.
Your system is resistant to poisons. (rPois)
You cover ground very slowly.
You can spit poison.
You have a snake-like lower body.


   Skills:
 + Level 4.3 Fighting
 - Level 2.0 Long Blades
 - Level 1.5 Dodging
 - Level 10.1 Stealth


You had 4 spell levels left.
You didn't know any spells.
Your spell library contained the following spells:

 Spells                   Type           Power      Damage    Failure   Level
 Ensorcelled Hibernation  Hex/Ice        0%         N/A       21%         2
 Tukima's Dance           Hex            0%         N/A       36%         3

Inventory:

Hand Weapons
 a - a +0 falchion (weapon) {long}
Missiles
 h - 61 stones {throwing}
 k - 13 bolts
 l - 10 poisoned darts {throwing}
Armour
 b - a +1 leather armour
 d - the +1 robe of the Trombone (worn) {Str+4}
   (You found it on level 5 of the Dungeon)

   Str:       It affects your strength (+4).
Jewellery
 i - a ring of wizardry (left hand)
   (You found it on level 4 of the Dungeon)
Wands
 g - a wand of digging (3)
Scrolls
 c - a scroll of fog
 j - a scroll of magic mapping {!r}
Potions
 f - 2 potions of haste {@q3}

Dungeon Overview and Level Annotations

Branches:
Dungeon (6/15)
 Temple: D:4-7

Altars:

........................##.##....
#.##..###...............##.##.###
#.##..##...........<....##.#.....
..##..#.................##.#.....
...#....................##.#.....
..............################...
#........#....# #........ #...
.......####...####........ #...
###....##...#...@Z........ #...
..............####........ #...
###...........# #........ #...
#...........############ ####
###...................
......................
..#..................
.............#.....###
###..................#


You could see a water moccasin zombie (corroded).


Message History

You are too injured to fight recklessly!
You are too injured to fight recklessly!
You are too injured to fight recklessly!
You are too injured to fight recklessly!
You are too injured to fight recklessly!
You are too injured to fight recklessly!
You are too injured to fight recklessly!
You are too injured to fight recklessly!
You are too injured to fight recklessly!
You are too injured to fight recklessly!
You are too injured to fight recklessly!
You are too injured to fight recklessly!
You barely miss the water moccasin zombie.
The water moccasin zombie bites you. 😮 HP[-5]
You take 5 damage, and now have 33/51 hp.
You slash the water moccasin zombie!
The water moccasin zombie barely misses you.
The water moccasin zombie bites you. 😮 HP[-1]
You take 1 damage, and now have 32/51 hp.
You hit the water moccasin zombie.
The water moccasin zombie bites you. 😮 HP[-3]
You take 3 damage, and now have 29/51 hp.
Aiming: Spit Poison (1% risk of failure)
Press: ? - help, Shift-Dir - straight line, f - water moccasin zombie
Aim: a water moccasin zombie (heavily damaged)
The splash of poison misses the water moccasin zombie.
The water moccasin zombie bites you.
The water moccasin zombie closely misses you. 😮 HP[-3]
You take 3 damage, and now have 26/51 hp.
You barely miss the water moccasin zombie.
The water moccasin zombie bites you.
* * * LOW HITPOINT WARNING * * *
😨 HP[-3]
You take 3 damage, and now have 23/51 hp.
Unknown command.
Unknown command.
Unknown command.
You closely miss the water moccasin zombie.
The water moccasin zombie closely misses you.
Unknown command.
Okay, then.
The water moccasin zombie bites you.
* * * LOW HITPOINT WARNING * * *
😨 HP[-5]
You take 5 damage, and now have 18/51 hp.
You have got your breath back.
The water moccasin zombie bites you but does no damage. 😨 HP[+1]
Aiming: Spit Poison (1% risk of failure)
Press: ? - help, Shift-Dir - straight line, f/p - water moccasin zombie
Aim: a water moccasin zombie (heavily damaged)
The splash of poison misses the water moccasin zombie.
The water moccasin zombie bites you.
* * * LOW HITPOINT WARNING * * *
😨 HP[-2]
You take 2 damage, and now have 17/51 hp.
Aiming: Corrosive Bolt
Press: ? - help, Shift-Dir - straight line, f - ball python zombie, p - water moccasin zombie
Aim: a ball python zombie (dormant, 100% to hit)
The bolt of acid hits the water moccasin zombie.
The acid corrodes the water moccasin zombie!
The bolt of acid hits the ball python zombie!
The acid corrodes the ball python zombie!
You destroy the ball python zombie!
The now-empty wand crumbles to dust.
The water moccasin zombie bites you.
* * * LOW HITPOINT WARNING * * *
😱 HP[-5]
You take 5 damage, and now have 12/51 hp.
You hit the water moccasin zombie.
The water moccasin zombie barely misses you.
The water moccasin zombie misses you.
You hit the water moccasin zombie.
You have got your breath back.
The water moccasin zombie barely misses you.
You closely miss the water moccasin zombie.
The water moccasin zombie bites you but does no damage.
The water moccasin zombie bites you.
* * * LOW HITPOINT WARNING * * *
😱 HP[-5]
You take 5 damage, and now have 7/51 hp.
Unknown command.
Unknown command.
Unknown command.
You barely miss the water moccasin zombie.
The water moccasin zombie bites you but does no damage.
Unknown command.
Okay, then.
Okay, then.
You closely miss the water moccasin zombie.
The water moccasin zombie bites you.
* * * LOW HITPOINT WARNING * * *
The water moccasin zombie bites you but does no damage. 😱 HP[-6]
You take 6 damage, and now have 1/51 hp.
You closely miss the water moccasin zombie.
The water moccasin zombie bites you.
You die...

Skill      XL: |  1  2  3  4 |
---------------+-------------+-----
Stealth        | 9 10 | 10.1
Fighting       | 4 |  4.3
Long Blades    | |  2.0
Dodging        | |  1.5

Action                   |  1- 3 |  4- 6 || total
-------------------------+-------+-------++-------
Melee: Falchion          |     7 |    52 ||    59
 Abil: Spit Poison       |     3 |    11 ||    14
Evoke: Wand              |       |     5 ||     5
  Use: Scroll            |     2 |     2 ||     4
 Stab: Sleeping          |       |     4 ||     4
Armor: Leather armour    |     1 |       ||     1
       Robe              |       |    12 ||    12
Dodge: Dodged            |     9 |    28 ||    37

Levels and vault maps discovered:
D:3:      layout_rooms, lemuel_zombie_altar_yredelemnul, uniq_ijyb,
          uniq_crazy_yiuf_cottage
D:4:      cheibrodos_thug_alley, layout_rooms,
          chequers_temple_overflow_statue_of_worship, minmay_temple_entry_fiery,
          minmay_misc_feat_five, nicolae_figureground_pulse
D:5:      layout_basic, uniq_duvessa
D:6:      layout_basic, nicolae_shop_self_help, uniq_menkaure, uniq_sigmund

Notes
Turn   | Place    | Note
-------+----------+-------------------------------------------
     0 | D:5      | spaghetti the Naga Delver began the quest for the Orb.
     0 | D:5      | Reached XP level 1. HP: 21/21 MP: 1/1
     0 | D:5      | magus.rc [v1.9.6]
    16 | D:5      | Noticed a two-headed ogre
    25 | D:5      | Noticed a scorpion
    30 | D:5      | Killed a scorpion
    31 | D:5      | Reached skill level 9 in Stealth
    31 | D:5      | Reached XP level 2. HP: 17/28 MP: 2/2
    31 | D:5      | Reached XP level 3. HP: 20/34 MP: 3/3
   155 | D:5      | Identified the +1 robe of the Trombone {Str+4}
   205 | D:4      | Reached XP level 4. HP: 26/42 MP: 4/4
   380 | D:4      | You pick up a book of Maledictions and begin reading...
   380 | D:4      | You add the spells Ensorcelled Hibernation and Tukima's
                  | Dance to your library.
   612 | D:3      | Reached skill level 10 in Stealth
   706 | D:3      | Noticed Ijyb
   706 | D:3      | Noticed a kobold brigand
   715 | D:3      | Killed a kobold brigand
   716 | D:3      | Reached skill level 4 in Fighting
   716 | D:3      | Reached XP level 5. HP: 39/50 MP: 5/5
   722 | D:3      | Killed Ijyb
  1192 | D:3      | HP: 12/51 [water moccasin zombie (5)]
  1197 | D:3      | HP: 1/51 [water moccasin zombie (6)]
  1198 | D:3      | Slain by a water moccasin zombie

Vanquished Creatures
  A kobold brigand (D:3)
  A scorpion (D:5)
  Ijyb (D:3)
  An adder (D:4)
  3 gnolls (D:3)
  A worm (D:3)
  An orc (D:3)
  2 hobgoblins (D:3)
  2 kobolds (D:4)
  A ball python (D:3)
  A ball python zombie (D:3)
  A bat (D:3)
16 creatures vanquished.

Table legend:
 A = Non-vault XP
 B = Vault XP
 C = Vault XP percentage of total XP
 D = Non-vault monster count
 E = Vault monster count
 F = Vault count percentage of total count
                 A         B        C        D         E       F
            +---------+---------+-------+---------+---------+-------
      Total |     245 |      41 |  14.3 |      12 |       4 |  25.0
            +---------+---------+-------+---------+---------+-------
        D:3 |     151 |      37 |  19.7 |      10 |       2 |  16.7
        D:4 |      14 |       4 |  22.2 |       1 |       2 |  66.7
        D:5 |      80 |       0 |   0.0 |       1 |       0 |   0.0
            +---------+---------+-------+---------+---------+-------

Illustrated notes

Table legend:
 A = Kills in this place as a percentage of kills in entire the game.
 B = Kills by you in this place as a percentage of kills by you in the entire game.
 C = Kills by friends in this place as a percentage of kills by friends in the entire game.
 D = Other kills in this place as a percentage of other kills in the entire game.
 E = Experience gained in this place as a percentage of experience gained in the entire game.
 F = Experience gained in this place divided by the number of levels of this place that you have seen.
                   A       B       C       D       E      F
               +-------+-------+-------+-------+-------+----------------------
         Total | 100.0 | 100.0 |   N/A |   N/A | 100.0 |  71.5
       Dungeon | 100.0 | 100.0 |   N/A |   N/A | 100.0 |  71.5
               +-------+-------+-------+-------+-------+----------------------

Table legend: (Time is in decaauts)
 A = Elapsed time spent in this place.
 B = Non-inter-level travel time spent in this place.
 C = Inter-level travel time spent in this place.
 D = Time resting spent in this place.
 E = Time spent auto-exploring this place.
 F = Levels seen in this place.
 G = Mean time per level.
                   A        B        C        D        E       F      G
               +--------+--------+--------+--------+--------+-----+--------+
         Total |   1383 |   1377 |      6 |    529 |    575 |   4 |  345.8 |
       Dungeon |   1383 |   1377 |      6 |    529 |    575 |   4 |  345.8 |
               +--------+--------+--------+--------+--------+-----+--------+

Top non-repeatable levels by time:
     D:3: 895 daAuts
     D:4: 302 daAuts
     D:5: 182 daAuts
     D:6: 2 daAuts
